Map: Submarine LE

Players

Trap - Winner!

  • Race: Protoss Protoss
  • League: Master
  • Spawn Location: 11:00

Serral

  • Race: Zerg Zerg
  • Spawn Location: 5:00

VOD

Have the link to the VOD?

Description

Time

  • Played on: Jan. 17, 2021, 12:30 p.m.
  • Length: 8:59
Show
View Real Time Build Order
Export as new Build Order

Trap Protoss - Winner!

Build Orders:  

Get SALT Encoding   

  12  0:00  Probe  
  13  0:12  Probe  
  14  0:17  Pylon  
  14  0:24  Probe  
  15  0:36  Probe (Chrono Boost)  
  16  0:44  Gateway  
  16  0:46  Probe (Chrono Boost)  
  17  0:51  Probe (Chrono Boost)  
  17  0:52  Assimilator  
  18  1:03  Probe  
  19  1:10  Gateway  
  19  1:14  Pylon  
  19  1:15  Probe  
  20  1:23  Pylon  
  20  1:29  Zealot (Chrono Boost)  
  22  1:32  Cybernetics Core  
  22  1:35  Probe  
  23  1:49  Pylon  
  23  1:52  Zealot (Chrono Boost), Probe  
  26  2:06  Adept (Chrono Boost)  
  26  2:11  Probe  
  29  2:19  Adept (Chrono Boost)  
  31  2:23  Probe  
  30  2:46  Nexus  
  30  2:47  Warp Gate  
  30  2:51  Probe  
  31  2:58  Assimilator  
  31  3:03  Probe  
  32  3:05  Twilight Council  
  32  3:15  Probe (Chrono Boost)  
  33  3:20  Robotics Facility  
  34  3:27  Probe (Chrono Boost)  
  32  3:34  Probe (Chrono Boost)  
  32  3:38  Adept  
  33  3:41  Resonating Glaives (Chrono Boost), Probe  
  34  3:54  Gateway  
  34  4:00  Gateway  
  34  4:02  Probe  
  35  4:05  Probe  
  36  4:14  Probe  
  37  4:17  Probe  
  37  4:19  Warp Prism (Chrono Boost)  
  40  4:26  Probe  
  39  4:32  Probe  
  39  4:35  Adept x2  
  44  4:38  Probe  
  45  4:46  Probe  
  45  4:47  Pylon  
  45  4:48  Observer  
  45  4:50  Probe  
  45  4:51  Stalker  
  50  4:58  Probe  
  51  5:02  Probe  
  51  5:03  Pylon  
  52  5:07  Adept x3  
  52  5:11  Assimilator  
  58  5:14  Adept  
  60  5:25  Robotics Bay  
  60  5:32  Robotics Bay  
  60  5:33  Adept x3  
  60  5:34  Adept  
  68  5:37  Assimilator  
  68  5:40  Pylon  
  68  5:46  Probe x2  
  70  5:58  Pylon  
  70  6:03  Probe x2  
  72  6:04  Shield Battery  
  72  6:12  Adept x3, Gravitic Drive  
  72  6:17  Disruptor (Chrono Boost)  
  81  6:27  Gateway  
  81  6:30  Gateway  
  81  6:42  Pylon  
  81  6:43  Disruptor (Chrono Boost)  
  81  6:44  Pylon  
  84  6:49  Nexus  
  84  7:01  Adept x3  
  86  7:10  Adept  
  88  7:16  Probe x2  
  88  7:17  Colossus (Chrono Boost)  
  88  7:19  Shield Battery  
  96  7:26  Shield Battery  
  96  7:30  Zealot  
  96  7:31  Sentry x2  
  102  7:38  Pylon  
  102  7:40  Pylon  
  102  7:59  Stalker x5  
  102  8:04  Stalker  
  114  8:22  Stalker x4  
  114  8:24  Sentry  
  124  8:27  Sentry  
  112  8:50  Stalker x6  
Show
View Real Time Build Order
Export as new Build Order

Serral Zerg 

Build Orders: Pool First 

Get SALT Encoding   

  12  0:16  Spawning Pool  
  11  0:22  Drone  
  11  0:26  Drone  
  13  0:30  Drone  
  14  0:39  Overlord  
  14  1:03  Zergling x4, Queen  
  18  1:05  Zergling x2  
  19  1:16  Zergling x2  
  20  1:26  Zergling x2  
  21  1:34  Hatchery  
  20  1:41  Overlord  
  20  1:48  Drone  
  21  1:58  Queen  
  21  2:01  Drone  
  24  2:11  Drone  
  24  2:12  Drone  
  24  2:13  Drone  
  27  2:22  Drone  
  24  2:30  Drone  
  24  2:36  Queen  
  27  2:40  Drone  
  27  2:46  Queen  
  29  2:51  Zergling x4  
  29  2:52  Zergling x2  
  29  2:57  Zergling x2, Extractor  
  32  2:59  Zergling x2  
  32  3:04  Overlord  
  33  3:07  Drone  
  33  3:09  Drone  
  35  3:13  Drone  
  36  3:23  Drone x4  
  39  3:29  Drone  
  39  3:31  Extractor  
  37  3:35  Drone  
  37  3:40  Drone  
  40  3:47  Overlord  
  40  3:48  Drone x2  
  42  3:49  Drone  
  42  3:53  Drone  
  44  4:00  Metabolic Boost  
  44  4:12  Hatchery  
  44  4:16  Drone x2  
  45  4:17  Drone  
  45  4:18  Drone  
  47  4:25  Roach Warren  
  47  4:26  Drone  
  47  4:29  Drone  
  48  4:33  Overlord, Extractor  
  48  4:37  Overlord  
  47  4:40  Drone  
  47  4:43  Drone x2  
  47  4:45  Drone  
  51  4:47  Drone  
  52  4:54  Overlord  
  52  4:56  Zergling x6  
  52  4:59  Zergling x4  
  55  5:05  Zergling x4  
  57  5:09  Roach, Spore Crawler  
  57  5:11  Roach  
  60  5:17  Roach  
  60  5:18  Roach  
  64  5:27  Roach  
  66  5:28  Spore Crawler  
  66  5:29  Zergling x8  
  66  5:32  Spore Crawler  
  66  5:35  Overlord  
  68  5:37  Ravager x3  
  68  5:38  Zergling x2  
  67  5:53  Zergling x8  
  67  5:56  Queen  
  74  5:57  Drone x3  
  74  6:00  Overlord  
  75  6:06  Lair, Drone  
  75  6:09  Drone  
  75  6:10  Drone  
  78  6:15  Baneling Nest  
  78  6:17  Drone  
  78  6:18  Extractor, Drone  
  77  6:20  Drone  
  77  6:24  Drone x2  
  81  6:27  Overlord  
  81  6:29  Drone  
  82  6:33  Overlord, Drone  
  82  6:36  Drone  
  82  6:39  Drone x2  
  87  6:40  Drone  
  87  6:44  Queen  
  89  6:49  Overlord  
  89  6:56  Roach  
  89  6:57  Roach  
  89  6:59  Baneling x3  
  89  7:00  Baneling  
  93  7:02  Drone x2  
  93  7:03  Drone x2  
  93  7:06  Drone x4  
  99  7:08  Drone x2  
  99  7:14  Evolution Chamber  
  100  7:16  Centrifical Hooks  
  100  7:18  Extractor  
  100  7:19  Overlord  
  100  7:20  Drone  
  100  7:22  Drone  
  101  7:23  Drone  
  101  7:24  Drone  
  101  7:27  Overlord  
  101  7:29  Overlord  
  103  7:31  Glial Reconstitution  
  103  7:33  Drone  
  103  7:34  Drone  
  103  7:35  Extractor  
  104  7:37  Extractor  
  104  7:40  Queen  
  104  7:41  Queen  
  106  7:46  Drone x2  
  106  7:48  Drone x3  
  106  7:50  Drone x2  
  113  8:02  Overlord  
  113  8:10  Hatchery  
  112  8:13  Ravager x4  
  112  8:14  Baneling x6  
  112  8:15  Roach  
  112  8:16  Roach x4  
  126  8:22  Baneling x4  
  126  8:23  Roach  
  126  8:24  Roach x2  
  129  8:39  Zergling x6, Roach x7  
Tags
 
Add a new tag
Caveats
  • Supply blocks, unpowered buildings, or Contaminate may cause inaccurate times.
  • Supply counts are checked every 10 seconds.